 Dungeon Crawl Stone Soup version 0.19-a0-734-ge18daf0 (webtiles) character file.

241 mistymad the Shooter (level 5, -1/45 HPs)
             Began as a Centaur Hunter on June 22, 2016.
             Slain by a slave (6 damage)
             ... led by Pikel
             ... on level 3 of the Dungeon.
             The game lasted 00:16:28 (5237 turns).

mistymad the Shooter (Centaur Hunter)               Turns: 5237, Time: 00:16:29

Health: -1/45      AC:  6    Str: 14    XL:     5   Next: 80%
Magic:  5/5        EV: 10    Int: 10    God:
Gold:   139        SH:  0    Dex: 11    Spells: 0 memorised, 4 levels left

rFire  . . .     SeeInvis .     b - +0 short sword
rCold  . . .     Gourm    .     c - +0 leather armour
rNeg   . . .     Faith    .     (no shield)
rPois  .         Spirit   .     q - +0 helmet
rElec  .         Dismiss  .     (no cloak)
rCorr  .         Reflect  .     k - +0 pair of gloves (curse)
SustAt .         Harm     .     (no barding)
MR     .....                    (no amulet)
Stlth  +.........               (no ring)
                                (no ring)

@: hasted, very quick, not resistant to hostile enchantments, very unstealthy
A: hooves 3, deformed body, speed 2, tough skin 3
a: no special abilities


You were on level 3 of the Dungeon.
You were not hungry.

You visited 1 branch of the dungeon, and saw 4 of its levels.
You also visited: Sewer.

You collected 139 gold pieces.

Inventory:

Hand Weapons
 a - a +1 shortbow
 b - a +0 short sword (weapon)
Missiles
 d - an arrow
Armour
 c - a +0 leather armour (worn)
 k - a cursed +0 pair of gloves (worn)
 q - a +0 helmet (worn)
Scrolls
 e - 2 scrolls of remove curse {unknown}
 h - a scroll of blinking {unknown}
 m - a scroll of random uselessness {unknown}
 n - a scroll of recharging {unknown}
 p - a scroll of teleportation {unknown}
 s - a scroll of fog {unknown}
 w - a scroll of fear {unknown}
Potions
 i - 5 potions of haste
 l - 2 potions of might
 o - 2 potions of brilliance
 u - 2 potions of curing
 v - 2 potions of heal wounds {unknown}
 x - 2 potions of berserk rage {unknown}
Comestibles
 f - a bread ration
 g - a meat ration
 r - a beef jerky
 t - a slice of pizza


   Skills:
 + Level 3.5 Fighting
 - Level 0.1 Short Blades
 + Level 6.5 Bows
 + Level 1.6 Armour
 + Level 2.3 Dodging
 + Level 1.2 Stealth


You had 4 spell levels left.
You didn't know any spells.

Dungeon Overview and Level Annotations

Branches:
Dungeon (4/15)
 Temple: D:4-7

Altars:
Hepliaklqana
Pakellas
The Shining One

Annotations:
D:3 Pikel


Innate Abilities, Weirdness & Mutations

You have hooves in place of feet.
Armour fits poorly on your strangely shaped body.
You cover ground very quickly.
You have extremely tough skin. (AC +3)


Message History

Level annotation: Pikel
There is a stone staircase leading down here.
Unknown command.
You closely miss the slave. You kick the slave, but do no damage.
The slave hits you but does no damage. x2
You barely miss the slave. You kick the slave, but do no damage.
The slave hits you. x2
You take 5 damage, and have 25/45 hp.
You hit the slave.
The slave is lightly wounded.
The slave hits you! The slave hits you.
* * * LOW HITPOINT WARNING * * *
The slave hits you.
* * * LOW HITPOINT WARNING * * *
A kobold comes into view. It is wielding a whip.
You take 15 damage, and have 10/45 hp.
MASSIVE DAMAGE!!
You feel yourself speed up. The slave hits you.
* * * LOW HITPOINT WARNING * * *
The kobold moves out of view.
The slave hits you.
You die...

#...####....##.#.#
###.#..+....##.#<#
#.#.##....##.#.#
####.#.#........#..
#..................
#......#..#.######.
#......#.##.# #.
##p###.#.##.######.
#@p.............).
#####....#.#......
#....#.#......
##......#......
#.......#......
##########.......#......
#........'.......#######
#.########.......#######
#.# ###...........#


You could see 2 slaves.

Vanquished Creatures
  Jessica (D:2)
  A worker ant (D:3)
  Robin (D:2)
  4 adders
  2 river rats
  An ooze (D:4)
  A worm (D:4)
  3 dart slugs
  4 giant geckos
  6 bats
  4 giant cockroaches
  12 goblins
  15 hobgoblins
  3 jackals (D:1)
  3 quokkas
  8 ball pythons
  11 giant newts
  9 kobolds
  22 rats
111 creatures vanquished.

Notes
Turn   | Place    | Note
--------------------------------------------------------------
     0 | D:1      | mistymad the Centaur Hunter began the quest for the Orb.
     0 | D:1      | Reached XP level 1. HP: 17/17 MP: 1/1
   478 | D:1      | Reached XP level 2. HP: 12/24 MP: 2/2
   941 | D:1      | Reached skill level 6 in Bows
  1531 | D:1      | Reached XP level 3. HP: 29/29 MP: 3/3
  1695 | D:2      | Found a glowing golden altar of the Shining One.
  1726 | D:2      | Noticed Jessica
  1739 | D:2      | Killed Jessica
  2009 | D:2      | Reached XP level 4. HP: 37/37 MP: 4/4
  2035 | D:2      | Reached skill level 1 in Stealth
  2304 | D:2      | Reached skill level 1 in Armour
  2406 | D:2      | Noticed Robin
  2429 | D:2      | Killed Robin
  2779 | D:3      | Found an oddly glowing altar of Pakellas.
  2927 | D:3      | Reached XP level 5. HP: 41/45 MP: 5/5
  3100 | D:3      | Found a hazy altar of Hepliaklqana.
  3342 | D:3      | Found a glowing drain.
  3415 | Sewer    | Entered a sewer
  4494 | D:4      | Noticed Pikel
  4495 | D:4      | Noticed a slave
  4495 | D:4      | Noticed a slave
  4497 | D:4      | Noticed a slave
  4498 | D:4      | Noticed a slave
  5237 | D:3      | Slain by a slave

Vault maps used:
D:1:      scummos_arrival_hexagon
D:2:      nicolae_tso_swordbearing_angel, uniq_jessica, uniq_robin
D:3:      overflow_temple_1_default, old_standard_altar, gup_sewer_entry_bubbles
D:4:      uniq_menkaure, uniq_pikel
Sewer:    sewer_co_cracked_pipes

Skill      XL: |  1  2  3  4 |
---------------+-------------+-----
Bows           | 6 |  6.5
Stealth        | 1 |  1.2
Armour         | 1 |  1.6
Fighting       | 3 |  3.5
Dodging        | 2 |  2.3
Short Blades   | |  0.1

Action                   |  1- 3 |  4- 6 || total
-------------------------+-------+-------++-------
Melee: Short sword       |    93 |   293 ||   386
       Kick              |    10 |    50 ||    60
 Fire: Shortbow          |    53 |    47 ||   100
  Use: Scroll            |       |     4 ||     4
       Potion            |       |     1 ||     1
  Eat: Chunk             |     3 |     6 ||     9
       Bread ration      |       |     1 ||     1
Armor: Leather armour    |    52 |   119 ||   171
Dodge: Dodged            |    64 |   128 ||   192
